 Dungeon Crawl Stone Soup version 0.22.1-2-g9c5b331383 (webtiles) character file.

4 Descartes the Grasshopper (level 1, 0/19 HPs)
             Began as a Naga Warper on Nov 28, 2018.
             Slain by a jackal (1 damage)
             ... on level 1 of the Dungeon.
             The game lasted 00:01:47 (267 turns).

Descartes the Grasshopper (Naga Warper)              Turns: 267, Time: 00:01:48

Health: 0/19       AC:  1    Str: 13    XL:     1   Next: 70%
Magic:  3/3        EV:  9    Int: 13    God:
Gold:   0          SH:  0    Dex: 10    Spells: 4/4 levels left

rFire    . . .     SeeInvis +   a - +0 spear
rCold    . . .     Gourm    .   (no shield)
rNeg     . . .     Faith    .   b - +0 leather armour
rPois    +         Spirit   .   (no helmet)
rElec    .         Reflect  .   (no cloak)
rCorr    .         Harm     .   (no gloves)
MR       .....                  (no barding)
Stlth    +.........             (no amulet)
HPRegen  0.06/turn              (no ring)
MPRegen  0.08/turn              (no ring)

@: very slow
A: large, see invisible, deformed body, poison resistance, slowness 2, slow
metabolism 1, spit poison 1, AC +0
a: Spit Poison


You were on level 1 of the Dungeon.
You were not hungry.

You visited 1 branch of the dungeon, and saw 1 of its levels.

Inventory:

Hand Weapons
 a - a +0 spear (weapon)
Missiles
 e - 5 tomahawks of dispersal (quivered)
 i - 19 sling bullets
 k - 27 stones
Armour
 b - a +0 leather armour (worn)
 h - a +0 ring mail
Scrolls
 d - a scroll of blinking
 m - a scroll of random uselessness {unknown}
Potions
 g - a potion of agility {unknown}
 j - a potion of invisibility {unknown}
 l - a potion of ambrosia {unknown}
Comestibles
 c - a chunk of flesh
 f - 2 rations


   Skills:
 - Level 2.0 Fighting
 * Level 2.1 Polearms
 - Level 0.8 Throwing
 + Level 0.8 Armour
 + Level 1.6 Dodging
 * Level 0.9 Stealth
 + Level 2.0 Spellcasting
   Level 3.0 Translocations


You had 4 spell levels left.
You didn't know any spells.
Your spell library contained the following spells:

 Spells                   Type           Power        Failure   Level  Hunger
 Blink                    Tloc           N/A          14%         2    ###....
 Shroud of Golubria       Chrm/Tloc      #.........   26%         2    ###....
 Gell's Gravitas          Tloc           #.........   28%         3    ####...
 Lesser Beckoning         Tloc           #.........   28%         3    ####...
 Teleport Other           Tloc           #.......     28%         3    ####...
 Passage of Golubria      Tloc           N/A          67%         4    #####..


Dungeon Overview and Level Annotations

Branches:
Dungeon (1/15)

Altars:


Innate Abilities, Weirdness & Mutations

You cannot wear boots.
Your serpentine skin is tough. (AC +0)
You have supernaturally acute eyesight. (SInv)
Armour fits poorly on your strangely shaped body.
Your system is resistant to poisons. (rPois)
You cover ground very slowly.
You have a slow metabolism.
You can spit poison.


Message History

You have got your breath back.
The jackal bites you. The jackal closely misses you.
You closely miss the jackal. The jackal misses you. The jackal bites you. x3
You are too injured to fight recklessly!
You are too injured to fight recklessly!
You are too injured to fight recklessly!
You are too injured to fight recklessly!
The jackal bites you. The jackal barely misses you. The jackal bites you.
The jackal barks!
The jackal bites you. The jackal bites you.
* * * LOW HITPOINT WARNING * * *
The jackal stops to sniff the ground.
The jackal bites you but does no damage.
The jackal bites you.
* * * LOW HITPOINT WARNING * * *
The jackal bites you.
* * * LOW HITPOINT WARNING * * *
The jackal bites you.
You die...

#.# #.# #. #.# #.# #. #.#
#.# #. #.# ########.# #.
#.##+######.....##.# #.
#...............##.#####.
#...............'........
#......h........#..#####.
#########.....h@.......#..#
#.
#.............h.##.....#..#
#.
#.#.......########.....#..#
#.
#.....[....#####.....#..#
##
#.......#..........###...
####.#############........
#... ......... ##..
.......... +h. ...........


You could see 3 jackals.

Vanquished Creatures
  A hobgoblin (D:1)
  2 goblins (D:1)
  A kobold (D:1)
  A rat (D:1)
5 creatures vanquished.

Notes
Turn   | Place    | Note
-------+----------+-------------------------------------------
     0 | D:1      | Descartes the Naga Warper began the quest for the Orb.
     0 | D:1      | Reached XP level 1. HP: 19/19 MP: 3/3
   267 | D:1      | Slain by a jackal

Action                   || total
-------------------------++-------
Melee: Spear             ||    15
 Abil: Spit Poison       ||     5
Armor: Leather armour    ||     2
Dodge: Dodged            ||     7
